cohdb
Replays
Latest Replays
All Replays
Popular Replays
Top Player Replays
Match Explorer
How It Works
Community
CoH3 Stats
Reddit
Sign in to upload your games and track your stats! →
Sign in with Steam
Match 47472777
Unlisted
Match 47472777
Overview
Messages
Build Orders
End
Selects Italian Combined Arms Battlegroup
Selects Bersaglieri Squad
Bersaglieri Squad
250 Light Carrier
Bersaglieri Squad
Bersaglieri Squad
Construct Light Support Kompanie
Fire Support Elements
2.5-tonne Medical Truck
Veteran Squad Leaders
Panzerjäger Mechanized Group
Selects Bersaglieri Bolster
Selects Breda Model 30 Light Machine Guns
Forward Retreat Point
Construct Panzerarmee Kommand
Flak 36 Anti-tank Gun Team
Selects Semovente da 75/18 Assault Gun
Panzerjäger Mechanized Group
Selects Strafing Run
Strafing Run
Flak 36 Anti-tank Gun Team
✠ ACHELION
✠ Wandering_Warden
✠Defender
KTM ✠
Henk
Miudai
water
It's Takotime
0
0
Comments
sign in to comment!
No comments posted yet!